cohdb
Replays
Latest Replays
All Replays
Popular Replays
Top Player Replays
Match Explorer
How It Works
Community
CoH3 Stats
Reddit
Sign in to upload your games and track your stats! →
Sign in with Steam
Match 47226000
Unlisted
Match 47226000
Overview
Messages
Build Orders
End
Kettenkrad Recon Vehicle
Construct Infanterie Kompanie
Selects Mechanized Battlegroup
MG 42 Machine Gun Team
MG 42 Machine Gun Team
MG 42 Machine Gun Team
Construct Luftwaffe Kompanie
Selects Mobile Repair Stations
MG 42 Bunker
221 Scout Car
Medical Station
Jäger Squad
Selects Raid Package
Support Elements
AI Takeover
aoligeigei
Sabom
WFantasy
Hamik 👍
Yoddha
CPU - VERY EASY
0
0
Comments
sign in to comment!
No comments posted yet!